 Dungeon Crawl Stone Soup version 0.23.2-40-g277498a001 (webtiles) character file.

Game seed: 4793490207534965402

1810 KamiKatze the Chopper (level 8, -4/69 HPs)
             Began as a Demigod Fighter on Sept 28, 2019.
             Slain by an orc warrior
             ... wielding a +0 scimitar
              (12 damage)
             ... on level 6 of the Dungeon.
             The game lasted 00:22:38 (5345 turns).

KamiKatze the Chopper (Demigod Fighter)             Turns: 5345, Time: 00:22:38

Health: -4/69      AC: 12    Str: 23    XL:     8   Next: 54%
Magic:  10/10      EV:  7    Int: 12    God:
Gold:   353        SH: 12    Dex: 15    Spells: 7/7 levels left

rFire    . . .     SeeInvis .   x - +2 hand axe (flame)
rCold    . . .     Gourm    .   c - +1 shield
rNeg     . . .     Faith    .   C - +0 chain mail
rPois    .         Spirit   .   A - +2 hat
rElec    .         Reflect  .   p - +0 cloak
rCorr    .         Harm     .   (no gloves)
MR       .....                  (no boots)
Stlth    ..........             k - amulet of regeneration
HPRegen  0.61/turn              (no ring)
MPRegen  0.12/turn              (no ring)

@: about to teleport
A: high mp 1
a: no special abilities


You were on level 6 of the Dungeon.
You were not hungry.

You visited 1 branch of the dungeon, and saw 6 of its levels.
You also visited: Ossuary.

You collected 353 gold pieces.

Inventory:

Hand Weapons
 a - a +0 war axe
 i - a +0 hunting sling
 x - a +2 hand axe of flaming (weapon)
Missiles
 e - 175 stones (quivered)
 q - 14 sling bullets
 r - 10 poisoned needles
 t - 4 needles of sleeping
Armour
 b - a +0 scale mail
 c - a +1 shield (worn)
 p - a +0 cloak (worn)
 A - a +2 hat (worn)
 C - a +0 chain mail (worn)
Jewellery
 k - an amulet of regeneration (around neck)
 u - an uncursed ring of ice
Scrolls
 l - 6 scrolls of teleportation
 w - a scroll of enchant armour
 D - 2 scrolls of amnesia
Potions
 d - 2 potions of might
 g - a potion of agility
 j - 2 potions of lignification
 m - 5 potions of curing
 n - 3 potions of flight
 o - a potion of resistance
 s - a potion of magic
 z - 2 potions of cancellation
 B - 2 potions of brilliance
 F - a potion of invisibility
Comestibles
 f - 8 rations
 h - a chunk of flesh


   Skills:
 + Level 5.6 Fighting
 * Level 7.3 Axes
 - Level 3.0 Armour
 - Level 2.3 Dodging
 + Level 5.7 Shields


You had 7 spell levels left.
You didn't know any spells.
Your spell library was empty.

Dungeon Overview and Level Annotations

Branches:
Dungeon (6/15)
 Temple: D:4-7

Shops:
D:5 }


Innate Abilities, Weirdness & Mutations

You have an increased reservoir of magic. (+10% MP)


Message History

You block the orc warrior's attack.
You hit the orc warrior. You burn the orc warrior.
The orc warrior is moderately wounded.
You block the orc warrior's attack.
You hit the orc warrior. You burn the orc warrior.
The orc warrior is heavily wounded.
The orc priest invokes the aid of Beogh against you.
Beogh smites you!
* * * LOW HITPOINT WARNING * * *
Unknown command.
As you read the scroll of fog, it crumbles to dust.
The scroll dissolves into smoke.
The orc warrior hits you with a +0 scimitar!
* * * LOW HITPOINT WARNING * * *
The orc priest calls upon Beogh to heal the orc warrior.
The orc warrior is healed somewhat.
As you read the scroll of teleportation, it crumbles to dust.
You feel strangely unstable.
The orc warrior hits you with a +0 scimitar!
You die...

#).# #.)###
#..o.#######
#...o.....o#
#....#####§#
####.# #§#
#.# #o# #.#
#o# #.# #@#
#)# #§# #.#
#§#
##########.#
#.#
...........#
#.#
.....#######
#.# .###.#
.# #.# .#
#.#


You could see an orc warrior and an orc priest.

Vanquished Creatures
  Sigmund (D:3)
  A wraith (Ossuary)
  A black bear (D:6)
  A phantom (D:5)
  6 ogres
  A howler monkey (D:5)
  3 orc priests
  Crazy Yiuf (D:2)
  3 hounds (D:4)
  2 orc wizards
  An iguana (D:4)
  4 worker ants (D:4)
  Natasha (thrice) (D:2)
  A hound skeleton (D:5)
  A mummy (Ossuary)
  A howler monkey zombie (D:2)
  3 gnolls
  9 adders
  An ooze (D:3)
  An adder skeleton (D:4)
  4 worms
  4 dart slugs
  3 leopard geckos
  13 orcs
  7 giant cockroaches
  8 goblins
  6 hobgoblins
  11 jackals
  3 quokkas
  A ball python (D:2)
  8 bats
  5 frilled lizards
  8 gnoll skeletons (Ossuary)
  9 kobolds
  10 kobold skeletons (Ossuary)
  7 orc skeletons (Ossuary)
  14 rats
166 creatures vanquished.

Notes
Turn   | Place    | Note
-------+----------+-------------------------------------------
     0 | D:1      | KamiKatze the Demigod Fighter began the quest for the Orb.
     0 | D:1      | Reached XP level 1. HP: 18/18 MP: 3/3
    71 | D:1      | Reached skill level 2 in Axes
   143 | D:1      | Reached XP level 2. HP: 25/25 MP: 4/4
   646 | D:2      | Reached XP level 3. HP: 29/30 MP: 5/5
   707 | D:2      | Reached skill level 1 in Dodging
   795 | D:2      | Found a basalt altar of Yredelemnul.
   855 | D:2      | Reached XP level 4. HP: 38/38 MP: 6/6
   941 | D:2      | Noticed Natasha
  1122 | D:2      | Killed Natasha
  1122 | D:2      | Reached skill level 3 in Axes
  1141 | D:2      | Found an iron altar of Okawaru.
  1185 | D:2      | Found a runed translucent door.
  1186 | D:2      | Noticed Crazy Yiuf
  1256 | D:2      | Noticed Natasha
  1270 | D:2      | Killed Natasha
  1341 | D:2      | Killed Crazy Yiuf
  1341 | D:2      | Reached XP level 5. HP: 37/45 MP: 7/7
  1371 | D:2      | Noticed Natasha
  1380 | D:2      | Killed Natasha
  1529 | D:3      | Found an opulent altar of Gozag.
  1536 | D:3      | Found a deep blue altar of Sif Muna.
  1536 | D:3      | Found a shadowy altar of Dithmenos.
  1536 | D:3      | Found a stormy altar of Qazlal.
  1536 | D:3      | Found an ornate altar of the Wu Jian Council.
  1537 | D:3      | Found a sparkling altar of Nemelex Xobeh.
  1545 | D:3      | Found a sacrificial altar of Ru.
  1548 | D:3      | Found a shimmering altar of Xom.
  1563 | D:3      | Noticed Sigmund
  1573 | D:3      | Killed Sigmund
  1573 | D:3      | Reached skill level 4 in Axes
  1573 | D:3      | Reached XP level 6. HP: 52/52 MP: 8/8
  2567 | D:4      | Found a sand-covered staircase.
  2574 | Ossuary  | Entered an ossuary
  2574 | Ossuary  | Noticed a wraith
  2574 | Ossuary  | Noticed a wraith
  2574 | Ossuary  | Noticed a wraith
  2752 | Ossuary  | Noticed a wraith
  2769 | Ossuary  | Killed a wraith
  2769 | Ossuary  | Reached skill level 5 in Axes
  2769 | Ossuary  | Reached XP level 7. HP: 59/59 MP: 9/9
  3693 | D:5      | Entered Level 5 of the Dungeon
  3937 | D:5      | Reached skill level 6 in Axes
  4016 | D:5      | Reached skill level 5 in Shields
  4036 | D:5      | Reached skill level 5 in Fighting
  4036 | D:5      | Reached XP level 8. HP: 45/68 MP: 10/10
  4083 | D:5      | Found Netsijeg's Gadget Emporium.
  4264 | D:5      | You fall through a shaft!
  4500 | D:5      | Reached skill level 7 in Axes
  4836 | D:5      | Found a snail-covered altar of Cheibriados.
  5345 | D:6      | Slain by an orc warrior

Skill      XL: |  1  2  3  4  5  6  7  8 |
---------------+-------------------------+-----
Axes           | 2 3 4 5 6 7 |  7.3
Shields        | 3 4 5 |  5.7
Armour         | 3 |  3.0
Dodging        | 1 2 |  2.3
Fighting       | 3 4 5 |  5.6

Action                   |  1- 3 |  4- 6 |  7- 9 || total
-------------------------+-------+-------+-------++-------
Melee: War axe           |   120 |   118 |       ||   238
       Hand axe          |       |    86 |   351 ||   437
 Fire: Hunting sling     |       |       |     4 ||     4
Throw: Stone             |       |       |    19 ||    19
  Use: Scroll            |     4 |     5 |    11 ||    20
       Potion            |       |     2 |     1 ||     3
  Eat: Chunk             |       |     7 |     9 ||    16
Armor: Scale mail        |    53 |    76 |    96 ||   225
       Chain mail        |       |       |     2 ||     2
Dodge: Dodged            |    43 |    63 |   102 ||   208
Block: Shield            |    74 |    87 |   191 ||   352
